 Dungeon Crawl Stone Soup version 0.30-a0-737-gf23d940 (webtiles) character file.

Game seed: 13808338369764265250

407085 malesh the Slayer (level 22, -41/224 HPs)
             Began as a Minotaur Fighter on Jan 31, 2023.
             Was a High Priest of Elyvilon.
             Killed from afar by a deep elf annihilator (56 damage)
             ... with an iron shot
             ... on level 5 of the Vaults on Feb 2, 2023.
             The game lasted 03:06:53 (48501 turns).

malesh the Slayer (Minotaur Fighter)               Turns: 48501, Time: 03:06:54

Health: -41/224    AC: 23    Str: 29    XL:     22   Next: 39%
Magic:  26/30      EV: 19    Int:  7    God:    Elyvilon [*****.]
Gold:   2283       SH: 16    Dex: 14    Spells: 21/21 levels left

rFire   + + +      SeeInvis +    b - +4 broad axe (heavy)
rCold   + + .      Faith    .    J - +2 shield of Resistance {rF++ rC++ Will++}
rNeg    + . .      Spirit   .    q - +1 swamp dragon scales
rPois   +          Reflect  .    Q - +2 hat
rElec   .          Harm     .    v - +2 cloak
rCorr   .          Rampage  .    H - +0 pair of fencer's gloves {Riposte Dex+3}
Will    +++..                    C - +0 pair of boots of the Kissing Gods {rF+++ rC- rN+ Regen+}
Stlth   +                        k - amulet of regeneration
HPRegen 2.17/turn                u - ring "Luem" {+Blink rF+ rC+}
MPRegen 0.22/turn                m - ring of see invisible

@: hasted, studying Conjurations, very quick
A: horns 2, retaliatory headbutt
}: 2/15 runes: decaying, serpentine
a: Renounce Religion, Evoke Blink, Purification, Heal Other, Heal Self, Divine
Vigour


You were on level 5 of the Vaults.
You worshipped Elyvilon.
Elyvilon was extremely pleased with you.
You visited 9 branches of the dungeon, and saw 40 of its levels.
You also visited: Gauntlet and Desolation.

You collected 5039 gold pieces.
You spent 2756 gold pieces at shops.

Inventory:

Hand Weapons
 a - the +10 war axe of Conflict {venom, rF+ rC+ rCorr Dex+4}
   (You found it in a Gauntlet)

   Dex:       It affects your dexterity (+4).
   rF:        It protects you from fire.
   rC:        It protects you from cold.
   rCorr:     It protects you from acid and corrosion.
 b - a +4 heavy broad axe (weapon)
 P - a +2 hand axe of flaming
 S - a +1 broad axe of holy wrath
Missiles
 f - 14 javelins (quivered)
 x - 4 throwing nets
 K - 3 silver javelins
Armour
 q - +1 swamp dragon scales (worn)
 v - a +2 cloak (worn)
 C - the +0 pair of boots of the Kissing Gods (worn) {rF+++ rC- rN+ Regen+}
   (You found it on level 1 of the Vaults)

   rF:        It renders you almost immune to fire.
   rC:        It makes you vulnerable to cold.
   rN:        It protects you from negative energy.
   Regen:     It increases your rate of health regeneration.
 H - the +0 pair of fencer's gloves (worn) {Riposte Dex+3}
   (You found it in the Desolation of Salt)

   Riposte:   It allows the wearer to riposte with melee weapons, swiftly
   retaliating against missed or blocked melee attacks.
   Dex:       It affects your dexterity (+3).
 J - the +2 shield of Resistance (worn) {rF++ rC++ Will++}
   (You found it in the Desolation of Salt)

   rF:        It greatly protects you from fire.
   rC:        It greatly protects you from cold.
   Will:      It greatly increases your willpower.
 Q - a +2 hat (worn)
Jewellery
 j - a ring of willpower
 k - an amulet of regeneration (around neck)
 m - a ring of see invisible (right hand)
 u - the ring "Luem" (left hand) {+Blink rF+ rC+}
   (You found it in the Desolation of Salt)

   [ring of protection from fire]

   rF:        It protects you from fire.
   rC:        It protects you from cold.
   +Blink:    It lets you blink.
 Y - the ring of Moodiness {rPois rC++ Str+3 Int+6 Dex-4}
   (You took it off a deep elf annihilator on level 3 of the Elven Halls)

   [ring of intelligence]

   Str:       It affects your strength (+3).
   Int:       It affects your intelligence (+6).
   Dex:       It affects your dexterity (-4).
   rC:        It greatly protects you from cold.
   rPois:     It protects you from poison.
Wands
 B - a wand of roots (42)
 E - a wand of digging (11)
 M - a wand of quicksilver (25)
Scrolls
 c - 7 scrolls of butterflies
 h - 5 scrolls of poison
 i - 3 scrolls of enchant weapon
 p - 19 scrolls of teleportation
 r - 7 scrolls of fog
 G - 4 scrolls of fear
 I - 7 scrolls of blinking
 L - a scroll of enchant armour
 R - a scroll of silence
 U - 2 scrolls of magic mapping
Potions
 n - a potion of cancellation
 o - 19 potions of curing
 s - 9 potions of attraction
 t - 4 potions of might
 w - 4 potions of flight
 A - 2 potions of haste
 F - a potion of berserk rage


   Skills:
 * Level 24.4 Fighting
 - Level 1.0 Long Blades
 - Level 17.7(18.0) Axes
 - Level 4.4(12.4) Maces & Flails
 + Level 13.2 Throwing
 + Level 19.4 Armour
 + Level 16.5 Dodging
 + Level 18.4 Shields
 - Level 13.1 Invocations
 + Level 5.7 Evocations


You had 21 spell levels left.
You didn't know any spells.
Your spell library contained the following spells:

 Spells                   Type           Power      Damage    Failure   Level
 Apportation              Tloc           0%         N/A       65%         1
 Beastly Appendage        Tmut           0%         N/A       65%         1
 Freeze                   Ice            0%         1d3       65%         1
 Kiss of Death            Conj/Necr      0%         2d5       65%         1
 Shock                    Conj/Air       0%         1d3       65%         1
 Sting                    Tmut/Pois      0%         1d3       65%         1
 Summon Small Mammal      Summ           0%         N/A       65%         1
 Cigotuvi's Dreadful Rot  Necr/Pois/Air  0%         N/A       78%         2
 Ensorcelled Hibernation  Hex/Ice        0%         N/A       78%         2
 Passwall                 Tmut/Erth      0%         N/A       78%         2
 Wereblood                Tmut           0%         N/A       78%         2
 Call Canine Familiar     Summ           0%         N/A       95%         3
 Confusing Touch          Hex            0%         N/A       95%         3
 Dazzling Flash           Conj/Hex       0%         N/A       95%         3
 Frozen Ramparts          Ice            0%         1d1       95%         3
 Gell's Gravitas          Tloc           0%         N/A       95%         3
 Hailstorm                Conj/Ice       0%         3d3       95%         3
 Ignite Poison            Fire/Tmut/Pois 0%         N/A       95%         3
 Inner Flame              Hex/Fire       0%         N/A       95%         3
 Kindle Blastsparks       Fire/Tloc/Air  0%         2d10      95%         3
 Ozocubu's Armour         Ice            0%         N/A       95%         3
 Spider Form              Tmut/Pois      0%         N/A       95%         3
 Stone Arrow              Conj/Erth      0%         3d7       95%         3
 Summon Guardian Golem    Hex/Summ       0%         N/A       95%         3
 Swiftness                Air            0%         N/A       95%         3
 Teleport Other           Tloc           0%         N/A       95%         3
 Airstrike                Air            0%         2d(0-16)  100%        4
 Animate Armour           Summ/Erth      0%         N/A       100%        4
 Animate Dead             Necr           0%         N/A       100%        4
 Cause Fear               Hex            0%         N/A       100%        4
 Dispel Undead            Necr           0%         3d6       100%        4
 Iskenderun's Mystic Bla  Conj/Tloc      0%         2d3       100%        4
 Leda's Liquefaction      Hex/Erth       0%         N/A       100%        4
 Manifold Assault         Tloc           0%         N/A       100%        4
 Olgreb's Toxic Radiance  Pois           0%         N/A       100%        4
 Petrify                  Tmut/Erth      0%         N/A       100%        4
 Sticky Flame             Conj/Fire      0%         2d3       100%        4
 Blade Hands              Tmut           0%         N/A       100%        5
 Borgnjor's Vile Clutch   Necr/Erth      0%         N/A       100%        5
 Freezing Cloud           Conj/Ice/Air   0%         6-21      100%        5
 Iskenderun's Battlesphe  Conj           0%         2d6       100%        5
 Lee's Rapid Deconstruct  Erth           0%         3d4*      100%        5
 Metabolic Englaciation   Hex/Ice        0%         N/A       100%        5
 Silence                  Hex/Air        0%         N/A       100%        5
 Death Channel            Necr           0%         N/A       100%        6
 Dispersal                Tloc           0%         N/A       100%        6
 Iron Shot                Conj/Erth      0%         9d1       100%        6
 Simulacrum               Ice/Necr       0%         N/A       100%        6
 Starburst                Conj/Fire      0%         6d3       100%        6
 Statue Form              Tmut/Erth      0%         N/A       100%        6
 Ozocubu's Refrigeration  Ice            0%         4d7       100%        7
 Spellforged Servitor     Conj/Summ      0%         N/A       100%        7
 Discord                  Hex            0%         N/A       100%        8
 Disjunction              Tloc           0%         N/A       100%        8
 Ignition                 Fire           0%         3d3       100%        8
 Lehudib's Crystal Spear  Conj/Erth      0%         10d2      100%        8
 Polar Vortex             Ice            0%         N/A       100%        9


Dungeon Overview and Level Annotations

Branches:
Dungeon (15/15)            Temple (1/1) D:7            Lair (5/5) D:11
  Swamp (4/4) Lair:2        Snake (4/4) Lair:2        Slime (0/5) Lair:5
    Orc (2/2) D:11            Elf (3/3) Orc:2        Vaults (5/5) D:13
  Crypt (0/3) Vaults:3     Depths (1/4) D:15        Desolation (visited)
Gauntlet (visited)

Altars:
Ashenzari
Cheibriados
Dithmenos
Elyvilon
Fedhas
Gozag
Hepliaklqana
Kikubaaqudgha
Makhleb
Nemelex Xobeh
Okawaru
Qazlal
Ru
Sif Muna
Trog
Uskayaw
Vehumet
Wu Jian
Xom
Yredelemnul
Zin
The Shining One
Lugonu

Shops:
D:1 ?   D:8 *   D:9 *   D:10 [   D:11 !*[([(   D:14 *   Orc:2 (:!![   Elf:3 ?
Snake:3 =:=   Snake:4 [   Vaults:1 :   Vaults:2 !   Vaults:3 (   Vaults:4 !(

Portals:
Hell: Depths:1
Abyss: Lair:5

Annotations:
D:7 3 runed translucent doors, malesh's ghost, novice OpTm
D:8 2 runed translucent doors, Caerwyn's ghost, novice TrEE
D:9 1 runed translucent door, MinotaursOnly's ghost, novice MiHu
D:12 2 transporters, Fiboati's ghost, journeyman OgDe
Snake:4 6 transporters


Innate Abilities, Weirdness & Mutations

You have a pair of horns on your head.
You reflexively headbutt those who attack you in melee.


Message History

* * * LOW HITPOINT WARNING * * *
The yaktaur captain shoots a bolt.
You block the bolt.
You are healed.
You slash the titan!
You kill the titan!
The vault warden blocks your attack.
You hit the necromancer. You hit the fire giant.
A vault warden comes into view. It is wielding a +2 mace of draining.
You block the fire giant's attack. The vault warden completely misses you.
You furiously retaliate!
You headbutt the vault warden!
A fire giant comes into view.
It is wielding a +1 great sword of flaming.
You block the vault warden's attack. You block the necromancer's attack.
You riposte.
You slice the necromancer!! You headbutt the necromancer!
The necromancer is almost dead.
You hit the fire giant. You slash the vault warden!
You slice the ironbound convoker!!
The yaktaur captain shoots a bolt.
The bolt hits you!!
* * * LOW HITPOINT WARNING * * *
The storm dragon breathes lightning at you.
The bolt of lightning misses you.
You hear a shout!
Unknown command.
You slice the necromancer like a ripe choko!!!
You kill the necromancer!
You slash the fire giant! You slice the vault warden!!
You slash the ironbound convoker! The vault warden barely misses you.
The yaktaur captain unwields a +0 dagger of venom.
It stops dripping with poison.
The yaktaur captain wields a +0 hand crossbow.
The yaktaur captain shoots a bolt.
You block the bolt. You block the vault warden's attack.
You riposte.
You slash the vault warden!
The vault warden is heavily wounded.
You slice the ironbound convoker!!
You kill the ironbound convoker!
You barely miss the fire giant.
A frost giant comes into view.
It is wielding a +0 battleaxe of freezing.
You block the fire giant's attack.
The deep elf annihilator gestures at you while chanting.
The iron shot hits you!!!
You die...

...p.#....#.....
....#....#..p.
..D.#....#p..
.cD......c..
#####.....C..#####
.......p..........
.......)<<[[..D...
....Ce.@Cp<..C....
.....pp)<<[.......
#####....eDu.#####
....pp........p
#.#.#....#.pC..
.....#....#..###
.##.#.#....#...#
#...#....#.(..#
#....# ...


You could see a shadow dragon, 2 storm dragons, a frost giant, a green very ugly
thing, 3 fire giants, a quicksilver dragon, a stone giant, 7 vault wardens, 2
yaktaur captains, 3 vault guards, a deep elf annihilator and a deep elf death
mage.

Vanquished Creatures
  2 dread liches
  An ancient lich (Vaults:5)
  Boris (Vaults:3)
  Nikola (Elf:1)
  Zenata (Vaults:3)
  Rupert (Lair:3)
  Jorgrun (Orc:2)
  Asterion (Elf:1)
  A titan (Vaults:5)
  2 liches (Vaults:5)
  2 deep elf master archers (Elf:3)
  A sphinx (Depths:1)
  Agnes (Snake:2)
  A tengu reaver (Vaults:5)
  A shadow dragon (Elf:1)
  4 thorn hunters
  2 nagarajas (Snake:4)
  2 fenstrider witches
  4 storm dragons
  3 fire giants
  2 imperial myrmidons (Desolation)
  Aizul (Snake:2)
  A frost giant (Vaults:2)
  13 vault wardens
  6 deep elf sorcerers
  4 stone giants
  12 very ugly things
  19 ironbound preservers
  Nessos (Lair:4)
  6 ironbound thunderhulks
  6 deep elf demonologists
  3 bunyips (Swamp:4)
  2 eleionomae
  Azrael (Elf:2)
  A minotaur (Gauntlet)
  3 dire elephants (Vaults:4)
  3 halazid warlocks (Desolation)
  9 deep elf annihilators (Elf:3)
  A crystal guardian (Desolation)
  3 ettins
  4 entropy weavers
  6 ragged hierophants (Desolation)
  7 yaktaur captains
  3 deep elf high priests
  2 fire dragons
  6 deep elf death magi
  A shambling mangrove (Swamp:3)
  42 vault guards
  5 servants of whispers (Desolation)
  3 salamander tyrants (Snake:4)
  Harold (D:9)
  7 peacekeepers (Desolation)
  5 ogre magi
  An ice dragon (Elf:1)
  5 great orbs of eyes
  20 hydras
  A ghost crab (Swamp:2)
  3 centaur warriors
  10 anacondas
  An alligator (Swamp:3)
  5 ironbound frosthearts
  A spriggan air mage (Depths:1)
  3 catoblepae
  3 boulder beetles
  6 death yaks (Lair:3)
  21 two-headed ogres
  3 tengu warriors
  27 dancing weapons
  2 death scarabs (Gauntlet)
  A death knight (D:14)
  14 naga warriors
  Urug (Lair:4)
  5 naga sharpshooters
  7 shock serpents
  2 spriggan berserkers (Depths:1)
  3 thrashing horrors (Lair:5)
  Nergalle (Orc:2)
  19 deep elf knights
  6 salamander mystics
  8 skeletal warriors
  5 goliath frogs
  A sixfirhy (Gauntlet)
  53 deep trolls
  A death drake (shapeshifter) (Vaults:5)
  3 spriggan druids
  17 swamp dragons
  4 bog bodies
  A glowing orange brain (Depths:1)
  2 spectral hydras (Gauntlet)
  5 naga ritualists
  5 wizards
  2 phantasmal warriors (Vaults:5)
  7 lindwurms
  21 ironbound convokers
  17 deep elf archers
  3 necromancers
  25 deep elf pyromancers
  11 mana vipers
  16 deep elf zephyrmancers
  A wolf spider (D:15)
  A steelbarb worm (shapeshifter) (Vaults:5)
  14 salamanders
  2 orc knights
  3 will-o-the-wisps
  2 orc sorcerers
  9 cyclopes
  2 manticores
  A manticore (shapeshifter) (D:12)
  25 ugly things
  A moth of wrath (shapeshifter) (Lair:5)
  6 elephants (Lair:5)
  25 black mambas
  11 guardian serpents
  12 naga magi
  13 vault sentinels
  2 gargoyles
  2 molten gargoyles (Desolation)
  2 smoke demons (Lair:5)
  11 cane toads
  A torpor snail (Lair:5)
  An unseen horror (D:12)
  2 freezing wraiths (D:14)
  8 kobold demonologists
  12 komodo dragons
  A rime drake (Lair:3)
  An efreet (D:13)
  2 yaktaurs (shapeshifter)
  7 trolls
  27 yaktaurs
  A yaktaur skeleton (Vaults:1)
  2 hydra zombies (Swamp:2)
  An ancient zyme (Lair:5)
  60 saltlings
  8 hornets
  A raiju (Gauntlet)
  21 blink frogs
  3 bloated husks
  A spectral elephant (Gauntlet)
  An iron dragon simulacrum (Vaults:4)
  5 dream sheep (Lair:4)
  9 tyrant leeches
  3 large abominations (Lair:5)
  3 water elementals
  A stone giant simulacrum (Vaults:1)
  A culicivora (shapeshifter) (D:15)
  3 air elementals
  38 slime creatures
  2 vampires
  2 culicivoras (Vaults:3)
  A centaur simulacrum (D:14)
  4 shadows
  11 wraiths
  A ynoxinul (Lair:5)
  A hog (shapeshifter) (Lair:5)
  7 spriggans
  6 wyverns
  57 yaks
  6 basilisks
  Grum (D:8)
  5 fire elementals (Elf:2)
  8 redbacks
  4 steam dragons
  A yak (shapeshifter) (Vaults:5)
  10 vampire mosquitoes
  30 nagas
  5 wargs
  4 acid dragons
  19 swamp worms
  10 water moccasins
  A hell hound (Elf:2)
  A glowing shapeshifter skeleton (Vaults:1)
  11 swamp drakes
  4 ice beasts
  13 orc warriors
  2 sky beasts (D:8)
  26 ogres
  8 wolves
  15 centaurs
  2 phantoms
  A human zombie (Vaults:1)
  8 kobold brigands
  8 bullfrogs
  A necrophage (D:6)
  2 gnoll sergeants
  3 earth elementals
  12 small abominations (Lair:5)
  21 killer bees
  4 vampire bats (Orc:1)
  2 howler monkeys
  A lava snake (D:9)
  A human simulacrum (Vaults:4)
  3 hounds
  A jelly (D:8)
  16 orc priests
  2 gnoll boudas
  2 iguanas
  19 orc wizards
  7 hell rats (Lair:1)
  17 gnolls
  10 adders
  2 shadow imps
  7 ufetubi
  2 worms (D:3)
  5 dart slugs
  57 orcs
  5 endoplasms
  6 giant cockroaches
  7 goblins
  3 hobgoblins
  4 jackals (D:5)
  5 quokkas
  2 ball pythons
  10 bats
  3 frilled lizards
  34 kobolds
  3 rats
  16 briar patches
  A butterfly (D:7)
1560 creatures vanquished.

Vanquished Creatures (others)
  2 deep elf knights
  2 deep elf zephyrmancers (Elf:3)
  A bloated husk (Swamp:2)
  An orc warrior (Elf:1)
  4 orcs (Elf:1)
  2 briar patches
  14 demonic plants (Gauntlet)
  18 foxfires
  26 fungi
  25 plants
  23 withered plants
118 creatures vanquished.

Grand Total: 1678 creatures vanquished

Notes
Turn   | Place    | Note
-------+----------+-------------------------------------------
     0 | D:1      | malesh the Minotaur Fighter began the quest for the Orb.
     0 | D:1      | Reached XP level 1. HP: 19/19 MP: 0/0
   242 | D:1      | Reached XP level 2. HP: 23/27 MP: 1/1
   330 | D:1      | Found Fehami's Magic Scroll Shoppe.
  1029 | D:2      | Reached skill level 4 in Fighting
  1029 | D:2      | Reached XP level 3. HP: 24/33 MP: 2/2
  1203 | D:2      | Reached XP level 4. HP: 40/40 MP: 3/3
  1854 | D:3      | Identified the +2 robe of Zin's Approval {Will++ SInv}
  2260 | D:3      | Found an ornate altar of the Wu Jian Council.
  2260 | D:3      | Found a broken altar of Ashenzari.
  2569 | D:4      | Reached XP level 5. HP: 47/47 MP: 4/4
  2995 | D:4      | Found a hazy altar of Hepliaklqana.
  3046 | D:5      | Entered Level 5 of the Dungeon
  3056 | D:5      | Noticed a phantom
  3062 | D:5      | Killed a phantom
  3063 | D:5      | Reached skill level 5 in Armour
  3063 | D:5      | Reached skill level 1 in Dodging
  3122 | D:5      | Reached XP level 6. HP: 43/53 MP: 5/5
  3643 | D:5      | Reached skill level 5 in Shields
  3646 | D:5      | Reached skill level 5 in Fighting
  3646 | D:5      | Reached XP level 7. HP: 35/61 MP: 6/6
  4116 | D:6      | Reached skill level 5 in Axes
  4278 | D:6      | Reached XP level 8. HP: 22/69 MP: 7/7
  4454 | D:6      | Found a basalt altar of Yredelemnul.
  5125 | D:7      | Found an iron altar of Okawaru.
  5162 | D:7      | Reached skill level 6 in Fighting
  5646 | D:7      | Reached XP level 9. HP: 63/77 MP: 8/8
  6035 | D:7      | Identified the +3 plate armour of Mutualism {Fly Str-3
                  | Stlth+}
  6036 | D:7      | Found a runed translucent gate.
  6036 | D:7      | Found a runed translucent gate.
  6036 | D:7      | Found a runed translucent gate.
  6036 | D:7      | Noticed malesh's ghost (novice OpTm)
  6090 | D:7      | Found a staircase to the Ecumenical Temple.
  6100 | Temple   | Entered the Ecumenical Temple
  6644 | D:8      | Found a large runed translucent door.
  6644 | D:8      | Found a large runed translucent door.
  6691 | D:7      | Reached skill level 7 in Fighting
  6728 | D:8      | Reached skill level 10 in Axes
  6912 | D:8      | Noticed Grum
  6919 | D:8      | Killed Grum
  7078 | D:8      | Reached XP level 10. HP: 75/86 MP: 9/9
  7229 | D:8      | Paralysed by a hornet for 3 turns
  7606 | D:8      | Noticed Caerwyn's ghost (novice TrEE)
  7622 | D:8      | Found Zual's Assorted Antiques.
  7625 | D:8      | Bought a scroll of identify for 72 gold pieces
  7625 | D:8      | Bought a potion of curing for 108 gold pieces
  7625 | D:8      | Bought a scroll of identify for 72 gold pieces
  7830 | D:9      | Noticed MinotaursOnly's ghost (novice MiHu)
  7832 | D:9      | Found a runed translucent door.
  7862 | D:9      | Noticed a soul eater
  7876 | D:9      | Reached skill level 8 in Fighting
  8102 | D:9      | Reached skill level 5 in Dodging
  8431 | D:9      | Reached skill level 10 in Armour
  8546 | D:9      | Found Zyhyed's General Store.
  8688 | D:9      | Noticed Harold
  8695 | D:9      | Killed Harold
  8696 | D:9      | Reached XP level 11. HP: 85/95 MP: 10/10
  9082 | D:9      | Bought a scroll of identify for 24 gold pieces
  9494 | D:10     | Entered Level 10 of the Dungeon
  9642 | D:10     | Reached skill level 9 in Fighting
  9645 | D:10     | Found Qiehyosa's Antique Armour Shop.
  9651 | D:10     | Bought a twisted scale mail for 225 gold pieces
  9651 | D:10     | Identified the +4 scale mail of Absence {Regen+} (You
                  | bought it in a shop on level 10 of the Dungeon)
  9682 | D:10     | Found a white marble altar of Elyvilon.
  9688 | D:10     | Became a worshipper of Elyvilon the Healer
  9814 | D:10     | Noticed an angel
  9820 | D:10     | Found a glowing silver altar of Zin.
  9820 | D:10     | Found a shimmering altar of Xom.
 10049 | D:11     | Found Woepin's Armour Emporium.
 10049 | D:11     | Found a staircase to the Orcish Mines.
 10063 | D:11     | Found Doll's Weapon Emporium.
 10068 | D:11     | Bought a +0 pair of boots for 45 gold pieces
 10081 | D:11     | Noticed a red ugly thing
 10095 | D:10     | Killed a red ugly thing
 10177 | D:11     | Reached * piety under Elyvilon
 10183 | D:11     | Reached skill level 1 in Invocations
 10540 | D:10     | Bought a kite shield for 112 gold pieces
 10605 | D:11     | Found Imiussax's Weapon Shoppe.
 10607 | D:11     | Found Ivvasez's Antique Armour Shoppe.
 10608 | D:11     | Found Byxeat's Assorted Antiques.
 10613 | D:11     | Found Zipet's Distillery.
 10674 | D:11     | Bought a scroll labelled PIGEODW TUCA for 28 gold pieces
 10733 | D:11     | Found a staircase to the Lair.
 11027 | D:11     | Identified the +0 pair of boots of the Abyss {Harm rF-
                  | Int-5 SInv}
 11098 | Lair:1   | Entered Level 1 of the Lair of Beasts
 11413 | Lair:1   | Reached skill level 10 in Fighting
 11477 | Lair:1   | Reached ** piety under Elyvilon
 12072 | Lair:2   | Noticed a four-headed hydra
 12083 | Lair:2   | Killed a four-headed hydra
 12133 | Lair:2   | Reached XP level 12. HP: 108/108 MP: 13/13
 12342 | Lair:2   | Noticed a five-headed hydra
 12342 | Lair:2   | Noticed a six-headed hydra
 12448 | Lair:2   | Killed a six-headed hydra
 12456 | Lair:1   | Reached skill level 11 in Fighting
 12564 | Lair:2   | Found a staircase to the Snake Pit.
 12621 | Lair:2   | Found a staircase to the Swamp.
 12670 | Lair:2   | Killed a five-headed hydra
 12722 | Lair:2   | Reached *** piety under Elyvilon
 12759 | Lair:2   | Noticed a catoblepas
 12771 | Lair:2   | Killed a catoblepas
 13481 | Lair:3   | Noticed a death yak
 13505 | Lair:3   | Killed a death yak
 13625 | Lair:3   | Noticed Rupert
 13736 | Orc:1    | Entered Level 1 of the Orcish Mines
 13921 | Orc:2    | Entered Level 2 of the Orcish Mines
 13921 | Orc:2    | Reached **** piety under Elyvilon
 14067 | Orc:1    | Noticed Nergalle
 14114 | Orc:2    | Killed Nergalle
 14115 | Orc:2    | Reached skill level 12 in Fighting
 14347 | Orc:2    | Reached skill level 15 in Axes
 14513 | Orc:2    | Noticed a two-headed ogre
 14513 | Orc:2    | Noticed a two-headed ogre
 14513 | Orc:2    | Noticed a two-headed ogre
 14513 | Orc:2    | Noticed a two-headed ogre
 14513 | Orc:2    | Noticed a two-headed ogre
 14513 | Orc:2    | Noticed a two-headed ogre
 14514 | Orc:2    | Noticed a two-headed ogre
 14529 | Orc:2    | Killed a two-headed ogre
 14530 | Orc:2    | Reached XP level 13. HP: 111/118 MP: 12/15
 14538 | Orc:2    | Reached skill level 5 in Invocations
 14562 | Orc:2    | Reached skill level 10 in Shields
 14701 | Orc:2    | Reached skill level 13 in Fighting
 14814 | Orc:2    | Found Waosmiba's Book Shoppe.
 14814 | Orc:2    | Found Huwk's Distillery.
 14815 | Orc:2    | Found Taluagum's Distillery.
 14815 | Orc:2    | Found Baack's Armour Emporium.
 14984 | Orc:2    | Noticed Jorgrun
 15000 | Orc:2    | Killed Jorgrun
 15003 | Orc:2    | Found Funomp's Weapon Boutique.
 15009 | Orc:2    | Bought a throwing net for 36 gold pieces
 15029 | Orc:2    | Found a staircase to the Elven Halls.
 15212 | Orc:2    | Reached ***** piety under Elyvilon
 15337 | Orc:2    | Bought a +1 pair of gloves of dexterity for 165 gold pieces
 15354 | Orc:2    | Bought a potion of haste for 130 gold pieces
 15354 | Orc:2    | Bought a potion of heal wounds for 65 gold pieces
 15354 | Orc:2    | Bought a potion of curing for 39 gold pieces
 15354 | Orc:2    | Bought a potion of heal wounds for 65 gold pieces
 15354 | Orc:2    | Bought a potion of curing for 39 gold pieces
 15355 | Orc:2    | Bought a potion of berserk rage for 70 gold pieces
 15355 | Orc:2    | Bought a potion of heal wounds for 70 gold pieces
 15355 | Orc:2    | Bought a potion of heal wounds for 70 gold pieces
 15355 | Orc:2    | Bought a potion of curing for 42 gold pieces
 15659 | D:12     | Found a transporter.
 15671 | D:12     | Found a bloodstained altar of Trog.
 15671 | D:12     | Noticed Fiboati's ghost (journeyman OgDe)
 15807 | D:12     | Reached skill level 1 in Throwing
 15859 | D:12     | Reached XP level 14. HP: 103/130 MP: 17/17
 15870 | D:12     | Reached skill level 14 in Fighting
 16692 | D:12     | Identified the +10 broad axe of the Teaching Puffin {heavy,
                  | Str+2}
 16752 | D:12     | Found a transporter.
 16968 | D:13     | Identified the ring of Axkamano {Drain rN++ Will+ Str+4}
 17004 | D:13     | Found a gate leading to a gauntlet.
 17014 | Gauntlet | Entered a Gauntlet
 17014 | Gauntlet | Found a transporter.
 17014 | Gauntlet | Found a transporter.
 17018 | Gauntlet | Found a transporter.
 17018 | Gauntlet | Found a transporter.
 17027 | Gauntlet | Found a transporter.
 17049 | Gauntlet | Found a transporter.
 17054 | Gauntlet | Found a transporter.
 17054 | Gauntlet | Found a transporter.
 17057 | Gauntlet | Found a transporter.
 17080 | Gauntlet | Found a transporter.
 17089 | Gauntlet | Found a transporter.
 17133 | Gauntlet | Found a transporter.
 17148 | Gauntlet | Found a transporter.
 17164 | Gauntlet | Found a transporter.
 17266 | Gauntlet | Found a transporter.
 17280 | Gauntlet | Found a transporter.
 17378 | Gauntlet | Reached skill level 10 in Dodging
 17378 | Gauntlet | Reached XP level 15. HP: 139/139 MP: 19/19
 17440 | Gauntlet | Identified the +10 war axe of Conflict {venom, rF+ rC+
                  | rCorr Dex+4}
 17704 | D:13     | Reached skill level 15 in Fighting
 18157 | D:13     | Found a gate to the Vaults.
 18295 | D:14     | Reached ****** piety under Elyvilon
 18411 | D:14     | Reached skill level 5 in Throwing
 18996 | D:14     | Found Dilich's General Store.
 19013 | D:14     | Bought a scroll of identify for 32 gold pieces
 19210 | D:15     | Entered Level 15 of the Dungeon
 19256 | D:15     | Reached skill level 16 in Fighting
 19300 | D:15     | Reached XP level 16. HP: 151/151 MP: 21/21
 19330 | D:15     | Identified the +5 trident of Dim Light {flame, Dex+3}
 19943 | D:15     | Found a staircase to the Depths.
 20247 | Lair:3   | Paralysed by Rupert for 3 turns
 20256 | Lair:3   | Killed Rupert
 20283 | Lair:3   | Identified the +1 robe of Kewagila {rN+ Str+2}
 20366 | Lair:3   | Identified the +2 scale mail of Paroush {rPois}
 21035 | Lair:4   | Noticed Urug
 21051 | Lair:4   | Killed Urug
 21188 | Lair:4   | Noticed Nessos
 21200 | Lair:4   | Killed Nessos
 21727 | Lair:5   | Entered Level 5 of the Lair of Beasts
 21909 | Lair:5   | Reached skill level 17 in Fighting
 22095 | Lair:5   | Found a staircase to the Slime Pits.
 22685 | Lair:5   | Found a corrupted altar of Lugonu.
 22685 | Lair:5   | Found a one-way gate to the infinite horrors of the Abyss.
 23090 | Snake:1  | Entered Level 1 of the Snake Pit
 23411 | Swamp:1  | Entered Level 1 of the Swamp
 23427 | Swamp:1  | Reached skill level 15 in Armour
 24166 | Swamp:1  | Noticed a thorn hunter
 24180 | Swamp:1  | Killed a thorn hunter
 24181 | Swamp:1  | Reached XP level 17. HP: 122/163 MP: 23/23
 24670 | Swamp:2  | Paralysed by a fenstrider witch for 4 turns
 24673 | Swamp:2  | HP: 3/163 [fenstrider witch (17)]
 24674 | Swamp:2  | Elyvilon protects you from harm!
 24674 | Swamp:2  | Elyvilon protects you from harm!
 25738 | Swamp:2  | Reached skill level 18 in Fighting
 26047 | Swamp:3  | Upgraded the game from 0.30-a0-728-gc68057b to
                  | 0.30-a0-737-gf23d940
 26093 | Swamp:3  | Reached skill level 10 in Invocations
 26379 | Swamp:3  | Paralysed by a fenstrider witch for 4 turns
 27475 | Swamp:4  | Entered Level 4 of the Swamp
 28904 | Swamp:4  | Noticed the 27-headed Lernaean hydra
 29747 | Swamp:4  | Pacified the 27-headed Lernaean hydra
 29858 | Swamp:4  | Reached skill level 1 in Long Blades
 30280 | Swamp:4  | Got a decaying rune of Zot
 30549 | Vaults:1 | Entered Level 1 of the Vaults
 31506 | Snake:1  | Identified the +0 robe of Bovvax {Drain rElec rC+ Int+5}
 31663 | Snake:1  | Reached skill level 19 in Fighting
 32093 | Snake:1  | Reached XP level 18. HP: 170/176 MP: 25/25
 32145 | Snake:2  | Noticed Aizul
 32160 | Snake:2  | Killed Aizul
 32533 | Snake:2  | Noticed Agnes
 32544 | Snake:2  | Killed Agnes
 33903 | Snake:3  | Found Ybbeghomn's Jewellery Shop.
 33903 | Snake:3  | Found Zifoargh's Book Emporium.
 33904 | Snake:3  | Found Ziget's Jewellery Shop.
 33910 | Snake:3  | Bought an amulet of regeneration for 420 gold pieces
 34558 | Snake:4  | Entered Level 4 of the Snake Pit
 34597 | Snake:4  | Found a transporter.
 34644 | Snake:4  | Found a transporter.
 34660 | Snake:4  | Found a transporter.
 34682 | Snake:4  | Found a transporter.
 34684 | Snake:4  | Found a transporter.
 34800 | Snake:4  | Reached skill level 15 in Shields
 34943 | Snake:4  | Found a transporter.
 34962 | Snake:4  | Found Keominni's Antique Armour Shop.
 35646 | Vaults:1 | You fall into a shaft and drop 1 floor!
 35948 | Vaults:1 | Identified the +0 pair of boots of the Kissing Gods {rF+++
                  | rC- rN+ Regen+}
 36175 | Vaults:1 | Reached skill level 20 in Fighting
 36761 | Vaults:1 | Found Dehadgh's Book Shoppe.
 37206 | Vaults:2 | Reached XP level 19. HP: 160/185 MP: 26/26
 37490 | Vaults:2 | Found Wagoecleraopp's Distillery.
 37531 | Vaults:2 | Reached skill level 10 in Throwing
 38326 | Vaults:3 | Noticed Zenata
 38339 | Vaults:3 | Killed Zenata
 38634 | Vaults:3 | Reached skill level 21 in Fighting
 39356 | Vaults:3 | Noticed Boris
 39374 | Vaults:3 | Killed Boris
 39443 | Vaults:3 | Found Waipt's Weapon Shop.
 39451 | Vaults:3 | Bought a +0 broad axe of holy wrath for 156 gold pieces
 39614 | Vaults:3 | Found a staircase to the Crypt.
 39614 | Vaults:3 | Found a basalt altar of Yredelemnul.
 39615 | Vaults:3 | Found an ancient bone altar of Kikubaaqudgha.
 40115 | Vaults:4 | Found a crumbling gateway.
 40152 | Desolati | Entered the Desolation of Salt
 40207 | Desolati | Found the +3 salamander hide armour {Flames, rFlCloud rF++
                  | rC--}
 40214 | Desolati | Identified the ring "Taashoeg" {AC+4 Int+3}
 40219 | Desolati | Got the Catalogue of Rime and the Traveller
 40236 | Desolati | Identified the +3 shortbow of Hicvav {freeze, Dex+4}
 40337 | Desolati | Found the +10 Black Knight's barding {ponderous, rPois rN+}
 40343 | Desolati | Identified the ring "Luem" {+Blink rF+ rC+}
 40347 | Desolati | Found the +0 pair of fencer's gloves {Riposte Dex+3}
 40431 | Desolati | Found the +2 shield of Resistance {rF++ rC++ Will++}
 40451 | Desolati | Got Sif Muna's Spellbook of the Stony Sphinx
 40456 | Desolati | Identified the amulet "Misox" {Faith rPois Will- Dex+3}
 40494 | Desolati | Identified the +3 ring mail of Repulsion {Str+3}
 40517 | Desolati | Reached XP level 20. HP: 157/198 MP: 28/28
 41478 | Vaults:4 | Reached skill level 22 in Fighting
 41607 | Vaults:4 | Reached skill level 15 in Dodging
 41930 | Vaults:4 | Found Dogir's Distillery.
 41939 | Vaults:4 | Bought a potion of cancellation for 136 gold pieces
 41939 | Vaults:4 | Bought a potion of heal wounds for 85 gold pieces
 41941 | Vaults:4 | Found Boareos's Weapon Boutique.
 43077 | Snake:4  | Reached skill level 1 in Evocations
 43236 | Snake:4  | Got a serpentine rune of Zot
 43463 | Elf:1    | Entered Level 1 of the Elven Halls
 43829 | Elf:1    | Paralysed by an air elemental for 1 turns
 43832 | Elf:1    | Paralysed by an air elemental for 1 turns
 43864 | Elf:1    | Reached XP level 21. HP: 29/209 MP: 27/29
 43864 | Elf:1    | HP: 6/209 [deep elf archer/arrow (18)]
 43884 | Elf:1    | Noticed Nikola
 43898 | Elf:1    | Killed Nikola
 44161 | Elf:1    | Noticed Asterion
 44162 | Elf:1    | Paralysed by an air elemental for 1 turns
 44168 | Elf:1    | Paralysed by an air elemental for 1 turns
 44178 | Elf:1    | Killed Asterion
 44371 | Elf:1    | Found a runed translucent gate.
 44371 | Elf:1    | Found a runed translucent gate.
 44371 | Elf:1    | Found a runed translucent gate.
 44371 | Elf:1    | Found a runed translucent gate.
 44371 | Elf:1    | Found a runed translucent gate.
 44373 | Elf:1    | Found a runed translucent gate.
 44871 | Elf:2    | Found a runed translucent gate.
 44871 | Elf:2    | Found a runed translucent gate.
 44872 | Elf:2    | Found a runed translucent gate.
 44918 | Elf:2    | Reached skill level 23 in Fighting
 45650 | Elf:2    | Noticed Azrael
 45660 | Elf:2    | Killed Azrael
 45774 | Elf:3    | Entered Level 3 of the Elven Halls
 46653 | Elf:3    | Found Hueti's Magic Scroll Shoppe.
 46660 | Elf:3    | Bought a scroll of enchant weapon for 150 gold pieces
 46660 | Elf:3    | Bought a scroll of blinking for 150 gold pieces
 46660 | Elf:3    | Bought a scroll of magic mapping for 150 gold pieces
 46735 | Elf:3    | Identified the +2 chain mail of Osmeq {Rampage rC++ Dex+2}
 47029 | Elf:3    | Identified the ring of Moodiness {rPois rC++ Str+3 Int+6
                  | Dex-4}
 47051 | Elf:3    | Got the Notes on the Captivating Snowflakes
 47057 | Elf:3    | Found the +6 lightning scales {swift, rElec}
 47155 | Elf:3    | Got Sif Muna's Quarto of Contamination
 47160 | Elf:3    | Got the Annotations on Lightning and the Tundra
 47729 | Depths:1 | Entered Level 1 of the Depths
 47781 | Depths:1 | Found a gateway to Hell.
 47805 | Depths:1 | HP: 3/213 [spriggan air mage/bolt of lightning (33)]
 48144 | Vaults:5 | Entered Level 5 of the Vaults
 48147 | Vaults:5 | Noticed a dread lich
 48153 | Vaults:4 | Reached XP level 22. HP: 84/222 MP: 30/30
 48251 | Vaults:4 | Reached skill level 5 in Evocations
 48252 | Vaults:4 | Reached skill level 24 in Fighting
 48420 | Vaults:4 | Killed a dread lich
 48473 | Vaults:5 | Noticed a dread lich
 48474 | Vaults:5 | Noticed an ancient lich
 48488 | Vaults:5 | HP: 8/214 [deep elf death mage/bolt of negative energy
                  | (17)]
 48488 | Vaults:5 | Killed a dread lich
 48491 | Vaults:5 | Killed an ancient lich
 48493 | Vaults:5 | HP: 11/224 [vault warden/+3 halberd (12)]
 48493 | Vaults:5 | Elyvilon protects you from harm!
 48495 | Vaults:5 | Elyvilon protects you from harm!
 48496 | Vaults:5 | Elyvilon protects you from harm!
 48498 | Vaults:5 | HP: 5/224 [titan (17)]
 48501 | Vaults:5 | Killed from afar by a deep elf annihilator

Illustrated notes

Levels and vault maps discovered:
D:1:      tarquinn_simple_flora_water_e, layout_basic, serial_shops,
          nicolae_lakefront_shop
D:2:      layout_basic, serial_curves, eino_curves_04, eino_curves_03,
          eino_curves_03, eino_curves_01, minmay_pentomino_p4
D:3:      layout_rooms, gammafunk_temple_overflow_pools, feat_on_display
D:4:      layout_basic, nicolae_hepliaklqana_hippocampus
D:5:      layout_rooms, grunt_ministairs_2
D:6:      layout_loops_corners, yredelemnul_altar_generic,
          minmay_misc_feat_tower
D:7:      layout_loops_corners, okawaru_gym_becter,
          minmay_temple_entry_butterflies, biasface_ghost_orc_armoury,
          chequers_serial_rivers_micro_e, hangedman_decor_slide_cut
D:8:      layout_cave_pools, serial_shops, kennysheep_mini,
          ebering_ghost_disaster_area, uniq_grum
D:9:      layout_loops_corners, hellmonk_ghost_happy_afterlife,
          nicolae_inconvenience_store, water_maze_lemuel, uniq_harold
D:10:     layout_rooms, grunt_temple_overflow_order_and_chaos_1,
          lemuel_crystal_altar, serial_shops, kennysheep_little_box
D:11:     layout_long_grid, erik_lair_orcish_takeover, orc_david_3,
          minmay_shop_grid_forest
D:12:     minmay_connected_boxes_in_corner, layout_layer_cave,
          gammafunk_ghost_wrathful_warriors
D:13:     layout_small_grid, erik_vaults_2, gauntlet_entry_generic
D:14:     layout_loops_ring, serial_shops, nicolae_shop_advertising_works
          [nicolae_subvault_shop_adworks], serial_aquarium,
          aquarium_bridge_long_separate [aquarium_subvault_bridge,
          aquarium_subvault_bridge, aquarium_subvault_wall,
          aquarium_subvault_bridge, aquarium_subvault_bridge,
          aquarium_subvault_wall], aquarium_bridge_square
          [aquarium_subvault_bridge, aquarium_subvault_wall,
          aquarium_subvault_window, aquarium_subvault_window],
          aquarium_window_1, aquarium_window_1, aquarium_view_4,
          aquarium_view_2a, aquarium_pool_five
D:15:     grunt_enter_depths_snipers, layout_basic, minmay_misc_feat_alley
Temple:   nicolae_temple_superstar
Lair:1:   layout_cellular_growth
Lair:2:   layout_regular_city, palyth_hydra_swamp_entry,
          guppyfry_snake_entry_garden
Lair:3:   layout_hall_layers, grunt_megastairs_5, uniq_rupert
Lair:4:   layout_loops_ring, uniq_nessos, uniq_urug
Lair:5:   hellmonk_lair_end_abyssal_woods, layout_gridlike, slime_entry_1,
          infiniplex_staircase_pool_2
Swamp:1:  layout_falls_marsh, evilmike_swamp_ruin_house_4
Swamp:2:  layout_basic_swamp, evilmike_swamp_ruin_rubble_1, swamp_pool1,
          hangedman_swamp_blocks, nicolae_swamp_necromancy_gone_wrong
Swamp:3:  layout_basic_swamp, hangedman_swamp_diagram
Swamp:4:  swamp_old_school, layout_basic_swamp
Snake:1:  layout_rooms
Snake:2:  layout_chambers, uniq_aizul, uniq_agnes
Snake:3:  layout_onion_interference, minmay_shop_grove, grunt_megastairs_4,
          lemuel_fruit_tree
Snake:4:  johnstein_snake_rune_scales, layout_layer_cave, serial_shops, shop,
          serial_nicolae_subway, nicolae_sub_station_stone,
          nicolae_sub_station_metal, nicolae_sub_station_crystal
Orc:1:    layout_caves, roderic_batcave, uniq_nergalle
Orc:2:    st_orc_ogre_mass, layout_caves, basic_altar, serial_shops, shop,
          uniq_jorgrun
Elf:1:    nicolae_elf_arrival_fired_up, layout_geoelf_octagon, orc_legates,
          grunt_ministairs_7, uniq_nikola, uniq_asterion
Elf:2:    elven_hall_of_blades_hangedman_original [nooodl_blade_entry_preview],
          layout_loops_corners, uniq_azrael
Elf:3:    grunt_elf_hall_asides, layout_geoelf_octagon, serial_shops, shop,
          minivault_4
Vaults:1: nicolae_vaults_disjoint_gnomons,
          vaults_standard_mumra_enter_the_diamond, v_misc_11,
          vaults_mumra_hexcomb, nicolae_vaults_big_angled_halls,
          vaults_room_hallway, ontoclasm_vaults_ligature, v_misc_29,
          vaults_room_grunt_arrival_ludios, ontoclasm_vaults_loading_screen,
          layout_vaults_big_room, serial_shops,
          nicolae_shop_temple_entry_statues_fountains
Vaults:2: v_alt_pattern_4, nicolae_vaults_little_ls, v_misc_30,
          ontoclasm_vaults_twist, hangedman_vaults_stagger,
          ontoclasm_vaults_pinch, v_misc_30, vaults_dpeg_encased_lava,
          nicolae_vaults_network_s, vaults_room_hallway,
          vaults_dpeg_emergency_exit, layout_vaults_omnicross, serial_shops,
          nicolae_shop_waterfront
Vaults:3: nicolae_vaults_alarming, nicolae_vaults_puzzle_piece,
          ontoclasm_vaults_decontamination, v_misc_23, v_pattern_2, v_misc_24,
          hangedman_vaults_corner, minmay_crypt_entry_necro_gods,
          nicolae_vaults_shelves_hall, layout_vaults_quadrants, serial_shops,
          nicolae_shop_bloodbath_and_beyond, uniq_zenata, uniq_boris
Vaults:4: portal_desolation_entry_salt, ontoclasm_vaults_chip,
          hangedman_vaults_locks, v_rooms_4, vaults_mumra_minichess_inversion,
          v_misc_4, vaults_room_large_hall, v_rooms_1,
          vaults_mumra_chevron_long, ontoclasm_vaults_ring_small,
          grunt_vaults_hallway_short, serial_ice_g, layout_vaults_ring,
          serial_shops, shop, nicolae_shop_behind_doors
Vaults:5
Depths:1: layout_honeycomb, serial_bayou_shore_b, pf_vacation_house_of_asmodeus,
          horrible_house_mu, serial_bayou_shore_a, uniq_mara

Skill      XL: |  1  2  3  4  5  6  7  8  9 10 11 12 13 14 15 16 17 18 19 20 21 22 |
---------------+-------------------------------------------------------------------+-----
Armour         | 4 5 6 7 9 10 11 12 13 14 15 16 17 18 19 | 19.4
Maces & Flails | 3 4 |  4.4
Fighting       | 4 5 6 7 8 10 12 13 14 16 17 19 20 21 22 23 24 | 24.4
Shields        | 4 5 6 7 8 9 10 11 12 13 14 15 16 17 18 | 18.4
Axes           | 2 4 6 8 10 12 13 15 16 17 | 17.7
Dodging        | 1 2 3 4 5 6 8 9 10 11 12 13 14 15 16 | 16.5
Invocations    | 3 4 6 7 8 9 10 11 12 13 | 13.1
Throwing       | 1 3 5 7 8 9 10 11 12 13 | 13.2
Long Blades    | 1 |  1.0
Evocations     | 1 4 5 |  5.7

Action                     |  1- 3 |  4- 6 |  7- 9 | 10-12 | 13-15 | 16-18 | 19-21 | 22-24 || total
---------------------------+-------+-------+-------+-------+-------+-------+-------+-------++-------
  Melee: Flail             |    65 |    48 |       |       |       |       |       |       ||   113
         Headbutt          |     6 |    19 |    35 |   129 |   167 |   476 |   397 |    20 ||  1249
         War axe           |       |    96 |   182 |   599 |   606 |  1354 |   352 |       ||  3189
         Whip              |       |       |       |    21 |    16 |       |       |       ||    37
         Broad axe         |       |       |       |       |       |   119 |   872 |    53 ||  1044
         Scimitar          |       |       |       |       |       |    79 |       |       ||    79
  Throw: Throwing net      |       |       |       |     1 |     1 |       |       |       ||     2
         Javelin           |       |       |       |       |       |    28 |     2 |       ||    30
 Invoke: Heal Other        |       |       |       |     1 |       |     2 |    11 |     1 ||    15
         Divine Vigour     |       |       |       |       |       |     1 |       |       ||     1
         Heal Self         |       |       |       |       |       |       |     4 |     3 ||     7
    Use: Scroll            |     6 |     2 |     2 |    16 |     7 |     9 |     7 |     1 ||    50
         Potion            |       |       |     2 |     3 |     2 |    11 |    11 |     2 ||    31
   Stab: Distracted        |       |       |       |     1 |       |       |       |       ||     1
         Held in net/web   |       |       |       |       |     2 |       |       |       ||     2
         Invisible         |       |       |       |       |       |     5 |       |       ||     5
         Sleeping          |       |       |       |       |       |     1 |       |       ||     1
 Armour: Scale mail        |    32 |    83 |    62 |   211 |   128 |   229 |       |       ||   745
         Swamp dragon scal |       |       |       |       |       |   265 |   324 |    31 ||   620
  Dodge: Dodged            |    25 |    80 |    96 |   251 |   242 |   914 |   630 |    69 ||  2307
  Block: Buckler           |    11 |    53 |    57 |    57 |       |       |       |       ||   178
         Kite shield       |       |       |       |   191 |   291 |  1077 |   888 |    83 ||  2530
Riposte: Broad axe         |       |       |       |       |       |       |   175 |    38 ||   213

Table legend: (Time is in decaauts)
 A = Elapsed time spent in this place.
 B = Non-inter-level travel time spent in this place.
 C = Inter-level travel time spent in this place.
 D = Time resting spent in this place.
 E = Time spent auto-exploring this place.
 F = Levels seen in this place.
 G = Mean time per level.
                   A        B        C        D        E       F      G
               +--------+--------+--------+--------+--------+-----+--------+
         Total |  48546 |  44001 |   4545 |   7168 |  27280 |  42 | 1155.9 |
       Dungeon |  16253 |  14719 |   1534 |   1242 |  10813 |  15 | 1083.5 |
        Temple |    119 |    114 |      5 |      0 |    100 |   1 |  119.0 |
          Lair |   5945 |   5209 |    736 |    557 |   3583 |   5 | 1189.0 |
         Swamp |   7248 |   6910 |    338 |   3066 |   2778 |   4 | 1812.0 |
     Snake Pit |   4785 |   4382 |    403 |    449 |   2952 |   4 | 1196.2 |
  Orcish Mines |   1764 |   1478 |    286 |    117 |    879 |   2 |  882.0 |
   Elven Halls |   4091 |   3644 |    447 |    659 |   2015 |   3 | 1363.7 |
        Vaults |   6457 |   5697 |    760 |    825 |   3428 |   5 | 1291.4 |
        Depths |    232 |    199 |     33 |    101 |     24 |   1 |  232.0 |
    Desolation |    988 |    988 |      0 |    115 |    325 |   1 |  988.0 |
      Gauntlet |    659 |    659 |      0 |     35 |    380 |   1 |  659.0 |
               +--------+--------+--------+--------+--------+-----+--------+

Top non-repeatable levels by time:
 Swamp:4: 2876 daAuts
  Lair:2: 1872 daAuts
Vaults:3: 1854 daAuts
 Swamp:2: 1845 daAuts
     D:9: 1684 daAuts
 Snake:2: 1647 daAuts
     D:7: 1571 daAuts
Vaults:4: 1561 daAuts
    D:12: 1523 daAuts
Vaults:1: 1519 daAuts
   Elf:3: 1502 daAuts
Vaults:2: 1481 daAuts
 Swamp:1: 1472 daAuts
   Elf:2: 1435 daAuts
 Snake:4: 1425 daAuts
